 Dungeon Crawl Stone Soup version 0.32-a0-391-gce5c0aab1b (webtiles) character file.

Game seed: 17322678619544750275

5445 Arzdou the Cleaver (level 10, -2/94 HPs)
             Began as a Mountain Dwarf Cinder Acolyte on Feb 19, 2024.
             Was an Elder of Ignis.
             Slain by a yak (6 damage)
             ... on level 9 of the Dungeon.
             The game lasted 00:18:28 (11919 turns).

Arzdou the Cleaver (Mountain Dwarf Cinder Acolyte) Turns: 11919, Time: 00:18:29

Health: -2/94      AC:  7    Str: 19    XL:     10   Next: 41%
Magic:  11/17      EV: 21    Int: 17    God:    Ignis [****..]
Gold:   512        SH:  0    Dex:  5    Spells: 13/19 levels left

rFire   + . .        a - -1 hand axe (flame)
rCold   . . .        (no shield)
rNeg    . . .        C - +0 steam dragon scales
rPois   .            x - +0 helmet
rElec   .            (no cloak)
rCorr   .            y - +0 pair of gloves
SInv    .            (no boots)
Will    +....        w - amulet of magic regeneration
Stlth   +            p - +5 ring of evasion
HPRegen 0.35/turn    D - +5 ring of evasion
MPRegen 0.55/turn

%: no passive effects
@: no status effects
A: runic magic, artefact enchanting, talons 1
a: Renounce Religion, Fiery Armour, Foxfire Swarm, Rising Flame


You were on level 9 of the Dungeon.
You worshipped Ignis.
Ignis was greatly pleased with you.
You visited 2 branches of the dungeon, and saw 10 of its levels.
You also visited: Bailey.

You collected 512 gold pieces.

Inventory:

Hand Weapons
 a - a -1 hand axe of flaming (weapon)
 q - a +0 war axe
Missiles
 o - 5 atropa-tipped darts
 s - a throwing net
Armour
 b - a +0 robe
 h - a +0 scale mail
 x - a +0 helmet (worn)
 y - a +0 pair of gloves (worn)
 C - +0 steam dragon scales (worn)
 K - a +0 chain mail
Magical Staves
 E - a staff of conjuration
Jewellery
 g - an amulet of faith
 p - a +5 ring of evasion (left hand)
 w - an amulet of magic regeneration (around neck)
 D - a +5 ring of evasion (right hand)
Wands
 m - a wand of flame (40)
Scrolls
 e - 2 scrolls of teleportation
 f - a scroll of enchant weapon
 j - 2 scrolls of poison {unknown}
 k - 2 scrolls of amnesia
 l - 3 scrolls of enchant armour
 n - 3 scrolls of vulnerability {unknown}
 u - a scroll of summoning {unknown}
 B - a scroll of identify
 F - a scroll of noise {unknown}
 G - a scroll of silence {unknown}
 H - 2 scrolls of fear
 I - a scroll of blinking {unknown}
Potions
 c - a potion of lignification
 d - a potion of invisibility {unknown}
 i - 2 potions of mutation
 r - 4 potions of curing
 t - a potion of brilliance {unknown}
 v - a potion of berserk rage {unknown}
 z - 2 potions of heal wounds {unknown}
 A - a potion of attraction {unknown}
Miscellaneous
 J - a condenser vane


   Skills:
 + Level 10.8 Fighting
 - Level 12.0 Axes
 + Level 2.0 Armour
 - Level 5.0 Spellcasting
 - Level 3.0 Translocations
 - Level 5.0 Fire Magic


You had 13 spell levels left.
You knew the following spells:

 Your Spells              Type           Power      Damage    Failure   Level
a - Scorch                Fire           42%        2d6       2%          2
b - Static Discharge      Conj/Air       8%         3-4/arc   22%         2
c - Blink                 Tloc           28%        N/A       6%          2

Your spell library contained the following spells:

 Spells                   Type           Power      Damage    Failure   Level
 Magic Dart               Conj           16%        1d3       14%         1
 Summon Small Mammal      Summ           16%        N/A       14%         1
 Call Imp                 Summ           8%         N/A       22%         2
 Searing Ray              Conj           8%         2d4       22%         2
 Call Canine Familiar     Summ           4%         N/A       38%         3
 Summon Blazeheart Golem  Fire/Summ      12%        N/A       45%         4
 Airstrike                Air            2%         2d(1-17)  80%         4
 Fulminant Prism          Conj/Alch      2%         3d5       80%         4
 Summon Lightning Spire   Summ/Air       4%         N/A       80%         4


Dungeon Overview and Level Annotations

Branches:
Dungeon (9/15)             Temple (1/1) D:5          Bailey (visited)
   Lair: D:8-11         Orc: D:9-12

Altars:
Ashenzari
Cheibriados
Dithmenos
Elyvilon
Fedhas
Gozag
Kikubaaqudgha
Makhleb
Nemelex Xobeh
Okawaru
Qazlal
Ru
Sif Muna
Trog
Uskayaw
Vehumet
Wu Jian
Xom
Yredelemnul
Zin
The Shining One


Innate Abilities, Weirdness & Mutations

Your spellcasting is much less encumbered by armour.
You can use scrolls of enchantment on lesser artefacts.
You have sharp toenails.


Message History

Flames lash the yak but do no damage.
The yak gores you! The yak gores you.
You are too injured to fight recklessly!
You are too injured to fight recklessly!
Unknown command.
You are too injured to fight recklessly!
Casting: Scorch (safe; 2% risk of failure)
Confirm with . or Enter, or press ? or * to list all spells.
Flames lash the yak.
The yak is burned terribly!
The yak is severely wounded.
The yak closely misses you. The yak gores you.
Unknown command.
Casting: Scorch (safe; 2% risk of failure)
Confirm with . or Enter, or press ? or * to list all spells.
Flames lash the yak.
The yak is burned terribly!
You kill the yak!
The yak closely misses you.
Your Armour skill increases to level 2!
Okay, then.
Unknown command.
Casting: Scorch (safe; 2% risk of failure)
Confirm with . or Enter, or press ? or * to list all spells.
Flames lash the yak.
The yak is lightly wounded.
The yak's fire resistance burns away.
The yak gores you!
* * * LOW HITPOINT WARNING * * *
The yak gores you but does no damage.
You slash the yak! You burn the yak. You claw the yak, but do no damage.
The yak is heavily wounded.
You hit the yak but do no damage. You hit the yak. You burn the yak.
Your kick misses the yak.
The yak is heavily wounded.
You completely miss the yak. The yak gores you!
* * * LOW HITPOINT WARNING * * *
The yak gores you!
* * * LOW HITPOINT WARNING * * *
Activating: Foxfire Swarm
Press: ? - help, Dir - look around, f - activate Flames leap up around you!
The yak barely misses you. The yak gores you.
You die...
Ignis goes out, and joins you in death.

########### ############
##.........# #..........#
#...≈≈~≈≈..# #..........#
#...≈...≈vv# #..........#
#...~)∩>~vv###..........#
#...≈)).≈vv@Y#..........#
#...≈≈)≈≈v##Yv..........#
#.........####..........#
#..<.....##
#......<...####
##########
#..............
#..........###.
#..........# ##
########..## ######..##


You could see 2 yaks.

Vanquished Creatures
  A hornet (D:8)
  Grinder (D:5)
  A wyvern (D:9)
  Sigmund (D:2)
  3 yaks (D:9)
  2 steam dragons
  An acid dragon (D:7)
  8 orc warriors (Bailey)
  3 black bears
  An ice beast (D:4)
  4 sky beasts
  A centaur (D:5)
  2 ogres
  2 bullfrogs (D:7)
  A kobold brigand (D:7)
  3 scorpions
  5 wights
  6 killer bees (D:8)
  2 crimson imps (D:3)
  2 orc priests
  2 bombardier beetles
  5 hounds
  3 jellies
  4 sleepcaps
  6 iguanas
  6 orc wizards
  6 gnolls
  13 adders
  2 shadow imps
  2 white imps (D:7)
  2 ribbon worms
  5 dart slugs
  43 orcs
  6 ball pythons
  5 endoplasms
  7 giant cockroaches
  8 goblins
  11 hobgoblins
  3 jackals
  2 quokkas (D:4)
  3 bats (D:3)
  3 frilled lizards
  4 kobolds
  5 rats
206 creatures vanquished.

Notes
Turn   | Place    | Note
-------+----------+-------------------------------------------
     0 | D:1      | Arzdou the Mountain Dwarf Cinder Acolyte began the quest
                  | for the Orb.
     0 | D:1      | Reached XP level 1. HP: 19/19 MP: 2/2
   158 | D:1      | Reached XP level 2. HP: 22/26 MP: 3/3
   163 | D:1      | Learned a level 2 spell: Scorch
   421 | D:1      | Reached skill level 4 in Axes
   630 | D:2      | Reached XP level 3. HP: 23/31 MP: 0/5
   714 | D:2      | Noticed Sigmund
  1105 | D:2      | Reached skill level 5 in Axes
  1237 | D:2      | Reached XP level 4. HP: 36/38 MP: 6/6
  1641 | D:2      | Killed Sigmund
  1642 | D:2      | Reached skill level 7 in Axes
  1642 | D:2      | Reached XP level 5. HP: 35/45 MP: 2/7
  1822 | D:2      | Reached XP level 6. HP: 48/51 MP: 3/8
  2125 | D:2      | Reached skill level 8 in Axes
  2212 | D:3      | Found an opulent altar of Gozag.
  3232 | D:3      | Found a sacrificial altar of Ru.
  3330 | D:3      | Found a shimmering altar of Xom.
  3816 | D:4      | Reached skill level 9 in Axes
  3816 | D:4      | Gained mutation: You have sharp toenails. [potion of
                  | mutation]
  4043 | D:4      | Reached XP level 7. HP: 57/57 MP: 9/9
  4876 | D:4      | Reached skill level 10 in Axes
  4916 | D:4      | Learned a level 2 spell: Static Discharge
  4956 | D:5      | Entered Level 5 of the Dungeon
  5434 | D:5      | Found a staircase to the Ecumenical Temple.
  5575 | D:5      | Reached XP level 8. HP: 63/63 MP: 3/13
  6019 | D:5      | Found a snail-covered altar of Cheibriados.
  6034 | D:5      | Reached skill level 11 in Axes
  6272 | D:5      | Noticed Grinder
  6281 | D:5      | Killed Grinder
  6818 | Temple   | Entered the Ecumenical Temple
  6847 | D:6      | Reached skill level 5 in Spellcasting
  7050 | D:6      | Reached skill level 12 in Axes
  7370 | D:6      | Reached XP level 9. HP: 71/71 MP: 10/16
  7612 | D:6      | Found a stormy altar of Qazlal.
  7810 | D:6      | Reached skill level 5 in Fire Magic
  7838 | D:6      | Found a glowing silver altar of Zin.
  8365 | D:7      | Found a white marble altar of Elyvilon.
  8372 | D:7      | Reached skill level 5 in Fighting
  9077 | D:7      | Found a hide-covered altar of Uskayaw.
  9154 | D:8      | Noticed a boulder beetle
  9582 | D:7      | Found a white marble altar of Elyvilon.
 10096 | D:7      | Found a hide-covered altar of Uskayaw.
 10364 | D:7      | Learned a level 2 spell: Blink
 10781 | D:8      | Reached skill level 1 in Translocations
 10787 | D:8      | Reached XP level 10. HP: 37/92 MP: 2/17
 11022 | D:9      | Noticed a two-headed ogre
 11022 | D:9      | Found a bloodstained altar of Trog.
 11035 | D:9      | Found a flagged portal.
 11052 | Bailey   | Entered a bailey
 11355 | Bailey   | Reached skill level 10 in Fighting
 11802 | D:9      | Noticed an orange demon
 11903 | D:9      | Reached skill level 1 in Armour
 11918 | D:9      | HP: 4/94 [yak (13)]
 11919 | D:9      | Slain by a yak

Illustrated notes

Levels and vault maps discovered:
D:1:      onia_arrival_mini_spirals, layout_basic
D:2:      minmay_inner_zag, layout_loops_ring, kennysheep_generic_room_14,
          uniq_sigmund
D:3:      layout_basic, overflow_temple_1_default, led_xom_imps,
          nicolae_gozag_seed_capital, nicolae_concentric_dashed_squares_mild,
          minmay_quantized
D:4:      layout_cave_pools
D:5:      layout_layer_cave, kennysheep_slug_shrine, minmay_temple_entry_arrows,
          uniq_grinder
D:6:      nicolae_cairo_tiling, layout_layer_cave,
          nicolae_qazlal_beasts_of_the_sky, mainiacjoe_overflow_tiny_flanked,
          nicolae_tricolors
D:7:      layout_basic, elyvilon_altar_5, mainiacjoe_overflow_catwalk
D:8:      layout_gridville
D:9:      layout_roguey, mainiacjoe_overflow_small_starburst, enter_bailey_5,
          uniq_amaemon, uniq_pikel
Temple:   nicolae_temple_bog_church

Skill      XL: |  1  2  3  4  5  6  7  8  9 10 |
---------------+-------------------------------+-----
Axes           | 4 5 7 9 10 12 | 12.0
Spellcasting   | 3 5 |  5.0
Fire Magic     | 4 5 |  5.0
Fighting       | 4 9 10 | 10.8
Translocations | 1 3 |  3.0
Armour         | 2 |  2.0

Action                     |  1- 3 |  4- 6 |  7- 9 | 10-12 || total
---------------------------+-------+-------+-------+-------++-------
  Melee: Hand axe          |    54 |   240 |   187 |    55 ||   536
         Kick              |       |       |    39 |    22 ||    61
   Cast: Scorch            |     8 |    22 |   196 |    68 ||   294
 Invoke: Fiery Armour      |       |     1 |     1 |       ||     2
         Foxfire Swarm     |       |       |       |     1 ||     1
  Evoke: Wand              |       |       |     1 |       ||     1
    Use: Scroll            |       |     6 |     3 |       ||     9
         Potion            |       |     3 |       |       ||     3
 Armour: Robe              |    35 |   148 |       |       ||   183
         Scale mail        |       |     3 |   127 |       ||   130
         Steam dragon scal |       |       |    61 |    35 ||    96
  Dodge: Dodged            |    30 |   145 |   235 |    99 ||   509

Table legend: (Time is in decaauts)
 A = Elapsed time spent in this place.
 B = Non-inter-level travel time spent in this place.
 C = Inter-level travel time spent in this place.
 D = Time resting spent in this place.
 E = Time spent auto-exploring this place.
 F = Levels seen in this place.
 G = Mean time per level.
                   A        B        C        D        E       F      G
               +--------+--------+--------+--------+--------+-----+--------+
         Total |  11888 |  11252 |    636 |   2126 |   7183 |  11 | 1080.7 |
       Dungeon |  11245 |  10609 |    636 |   2105 |   6841 |   9 | 1249.4 |
        Temple |      1 |      1 |      0 |      0 |      0 |   1 |    1.0 |
        Bailey |    641 |    641 |      0 |     21 |    342 |   1 |  641.0 |
               +--------+--------+--------+--------+--------+-----+--------+

Top non-repeatable levels by time:
     D:7: 2219 daAuts
     D:2: 1806 daAuts
     D:4: 1676 daAuts
     D:6: 1486 daAuts
     D:3: 1262 daAuts
     D:5: 1248 daAuts
     D:1: 805 daAuts
  Bailey: 641 daAuts
     D:8: 524 daAuts
     D:9: 216 daAuts
  Temple: 1 daAuts
